[ AOE2 MATCH · #506447603 ]
UnrankedMongols vs Wu
Player's team · WIN
[ REPLAY ANALYSIS · EXTRACTED FROM THE RECORDED GAME ]
Feudal
8:32
Castle
25:32
Imperial
—
| APM avg | 97.0 |
| APM peak | 148 |
| eAPM avg | 48.3 |
| Villagers / military | 114 / 70 |
Focus
⚔️ 67.7% · 🌾 32.3%
Scout Cavalry ×18 · Knight ×12 · Archer ×7 · Mangudai ×6 · Scorpion ×6 · Skirmisher ×6
Feudal
11:11
Castle
26:45
Imperial
—
| APM avg | 52.6 |
| APM peak | 72 |
| eAPM avg | 22.3 |
| Villagers / military | 106 / 64 |
Focus
⚔️ 45.4% · 🌾 54.6%
Archer ×23 · Skirmisher ×22 · Militia ×7 · Unknown (1944) ×7 · Spearman ×6 · Unknown (1968) ×6
Match map
Initial resources + every placement click. Lines = walls · curves = elevation contours. ◆ gold · ⬟ stone · ● berries · ✦ relic · ◌ wall gap
Your base· Open — 4t gap
Ghosty's base· ✓ Closed at 26:45 · 30t walls · no gate
Smoothed initial terrain · ◌ = detected wall gap · hover for details
Inputs per minute
— Zni.Locuss - - Ghosty
Build order — Zni.Locuss
First 150 of 312 actions detected
| 0:01 | Create | Villager (Male) |
| 0:02 | Build | House |
| 0:03 | Build | House |
| 0:12 | Create | Villager (Male) ×3 |
| 0:12 | Create | Villager (Male) ×3 |
| 1:24 | Create | Villager (Male) |
| 1:55 | Create | Villager (Male) |
| 1:55 | Create | Villager (Male) |
| 1:56 | Build | Lumber Camp |
| 2:10 | Create | Villager (Male) |
| 2:11 | Create | Villager (Male) |
| 2:44 | Create | Villager (Male) |
| 2:44 | Create | Villager (Male) |
| 2:55 | Create | Villager (Male) |
| 3:23 | Create | Villager (Male) |
| 3:25 | Build | House |
| 4:03 | Build | Mining Camp |
| 4:05 | Create | Villager (Male) |
| 4:18 | Create | Villager (Male) |
| 4:18 | Create | Villager (Male) |
| 4:49 | Create | Villager (Male) |
| 5:29 | Build | Palisade Wall |
| 5:33 | Research | Loom |
| 5:47 | Build | Barracks |
| 6:22 | Research | Feudal Age |
| 6:22 | Research | Feudal Age |
| 6:42 | Create | Militia |
| 6:48 | Create | Militia |
| 7:12 | Create | Militia |
| 7:22 | Build | House |
| 7:34 | Build | Palisade Wall |
| 7:36 | Build | Palisade Wall |
| 7:45 | Build | Palisade Wall |
| 7:47 | Build | Palisade Wall |
| 7:48 | Build | Palisade Wall |
| 7:56 | Create | Militia |
| 8:17 | Create | Villager (Male) |
| 8:32 | Age | Feudal Age |
| 8:41 | Research | Man-at-Arms (upgrade) |
| 9:01 | Build | Archery Range |
| 9:14 | Create | Villager (Male) |
| 9:14 | Create | Villager (Male) |
| 9:39 | Create | Villager (Male) |
| 9:42 | Build | House |
| 9:56 | Create | Archer |
| 10:13 | Create | Villager (Male) |
| 10:14 | Create | Villager (Male) |
| 10:17 | Build | Mill |
| 10:27 | Create | Archer |
| 10:36 | Create | Villager (Male) |
| 10:36 | Create | Villager (Male) |
| 10:38 | Build | Blacksmith |
| 10:58 | Create | Archer |
| 11:04 | Create | Villager (Male) |
| 11:04 | Create | Villager (Male) |
| 11:10 | Build | House |
| 11:12 | Build | House |
| 11:40 | Build | Palisade Wall |
| 11:42 | Build | Palisade Wall |
| 11:44 | Build | Palisade Wall |
| 12:02 | Create | Archer |
| 12:03 | Research | Fletching |
| 12:05 | Create | Villager (Male) |
| 12:38 | Create | Villager (Male) |
| 13:04 | Create | Skirmisher |
| 13:11 | Build | Farm |
| 13:12 | Create | Villager (Male) |
| 13:50 | Create | Villager (Male) |
| 14:00 | Build | Mining Camp |
| 14:12 | Create | Villager (Male) |
| 14:20 | Build | Farm |
| 14:21 | Build | Farm |
| 14:23 | Create | Skirmisher |
| 14:30 | Build | House |
| 14:30 | Build | House |
| 14:36 | Build | Farm |
| 14:56 | Create | Archer |
| 15:04 | Create | Villager (Male) |
| 15:06 | Build | Farm |
| 15:07 | Build | Farm |
| 15:18 | Create | Archer |
| 15:20 | Create | Villager (Male) |
| 15:21 | Build | Farm |
| 15:23 | Build | Farm |
| 15:42 | Create | Skirmisher |
| 15:45 | Create | Villager (Male) |
| 15:48 | Build | Watch Tower |
| 15:52 | Build | Farm |
| 16:04 | Build | Farm |
| 16:08 | Build | Farm |
| 16:09 | Create | Villager (Male) |
| 16:16 | Create | Skirmisher |
| 16:18 | Create | Villager (Male) |
| 16:32 | Build | Farm |
| 16:43 | Create | Archer |
| 16:46 | Create | Villager (Male) |
| 17:06 | Build | Farm |
| 17:17 | Build | Palisade Wall |
| 17:23 | Create | Villager (Male) |
| 17:25 | Build | Stable |
| 17:30 | Create | Villager (Male) |
| 17:32 | Build | Farm |
| 17:45 | Research | Padded Archer Armor |
| 17:45 | Research | Padded Archer Armor |
| 18:19 | Create | Scout Cavalry |
| 18:20 | Build | House |
| 18:37 | Create | Scout Cavalry |
| 18:38 | Create | Villager (Male) |
| 18:40 | Build | Farm |
| 18:41 | Build | Farm |
| 18:45 | Build | Farm |
| 18:50 | Create | Villager (Male) |
| 18:59 | Create | Scout Cavalry |
| 19:01 | Build | Outpost |
| 19:03 | Create | Villager (Male) |
| 19:31 | Create | Scout Cavalry |
| 19:35 | Create | Villager (Male) |
| 20:22 | Build | Mill |
| 20:46 | Build | Outpost |
| 20:47 | Research | Town Watch |
| 20:48 | Research | Wheelbarrow |
| 20:53 | Build | Market |
| 21:39 | Build | Mining Camp |
| 21:54 | Build | House |
| 22:52 | Research | Castle Age |
| 22:52 | Research | Castle Age |
| 22:55 | Build | Stable |
| 23:08 | Create | Skirmisher |
| 23:09 | Create | Skirmisher |
| 23:19 | Research | Bloodlines |
| 23:54 | Research | Double-Bit Axe |
| 23:54 | Research | Horse Collar |
| 23:54 | Research | Horse Collar |
| 24:02 | Build | Lumber Camp |
| 24:28 | Build | Outpost |
| 24:34 | Create | Scout Cavalry |
| 24:34 | Create | Scout Cavalry |
| 24:46 | Create | Villager (Male) |
| 24:49 | Build | Outpost |
| 25:32 | Age | Castle Age |
| 25:34 | Build | Monastery |
| 25:36 | Research | Light Cavalry (upgrade) |
| 25:37 | Create | Knight |
| 25:38 | Create | Knight |
| 25:42 | Create | Villager (Male) |
| 26:02 | Create | Villager (Male) |
| 26:25 | Build | Town Center |
| 26:28 | Create | Villager (Male) |
| 26:44 | Create | Monk |
| 26:47 | Build | Outpost |
Build order — Ghosty
First 150 of 313 actions detected
| 0:01 | Create | Villager (Male) ×4 |
| 0:02 | Build | House |
| 0:04 | Build | House |
| 1:18 | Create | Villager (Male) |
| 1:46 | Create | Villager (Male) |
| 1:48 | Build | Lumber Camp |
| 2:03 | Create | Villager (Male) |
| 2:39 | Create | Villager (Male) |
| 3:09 | Create | Villager (Male) |
| 3:42 | Create | Villager (Male) |
| 3:54 | Create | Villager (Male) |
| 3:56 | Build | House |
| 4:11 | Create | Villager (Male) |
| 4:41 | Create | Villager (Male) |
| 5:00 | Build | Palisade Wall |
| 5:01 | Build | Palisade Wall |
| 5:04 | Build | Palisade Wall |
| 5:06 | Build | Palisade Wall |
| 5:07 | Build | Palisade Wall |
| 5:08 | Build | Palisade Wall |
| 5:24 | Build | Barracks |
| 5:37 | Build | House |
| 5:40 | Create | Villager (Male) |
| 5:40 | Create | Villager (Male) |
| 5:41 | Create | Villager (Male) |
| 6:15 | Build | Mining Camp |
| 6:19 | Create | Militia |
| 6:19 | Create | Militia |
| 6:24 | Create | Villager (Male) |
| 6:26 | Build | House |
| 6:40 | Create | Militia |
| 6:54 | Research | Loom |
| 6:57 | Create | Villager (Male) |
| 7:00 | Research | Loom |
| 7:26 | Create | Villager (Male) |
| 7:46 | Build | Palisade Gate |
| 7:59 | Build | House |
| 8:18 | Build | House |
| 8:28 | Build | Palisade Wall |
| 8:29 | Build | Palisade Wall |
| 8:30 | Build | Palisade Wall |
| 9:01 | Research | Feudal Age |
| 9:06 | Create | Militia |
| 9:06 | Create | Militia |
| 9:28 | Build | House |
| 9:33 | Create | Militia |
| 9:47 | Create | Militia |
| 10:07 | Build | Mill |
| 10:23 | Build | Palisade Wall |
| 10:42 | Create | Villager (Male) |
| 10:50 | Build | House |
| 10:51 | Build | Palisade Wall |
| 10:56 | Build | Palisade Wall |
| 10:57 | Build | Palisade Wall |
| 10:58 | Build | Palisade Wall |
| 11:03 | Build | Palisade Wall |
| 11:11 | Age | Feudal Age |
| 11:16 | Build | Archery Range |
| 11:22 | Research | Man-at-Arms (upgrade) |
| 11:36 | Create | Villager (Male) |
| 11:48 | Build | Watch Tower |
| 11:52 | Create | Villager (Male) |
| 12:04 | Create | Skirmisher |
| 12:04 | Create | Skirmisher |
| 12:07 | Build | Blacksmith |
| 12:17 | Create | Villager (Male) |
| 12:24 | Build | House |
| 12:41 | Build | House |
| 12:45 | Create | Villager (Male) |
| 12:47 | Build | Farm |
| 12:56 | Create | Skirmisher |
| 13:10 | Build | Farm |
| 13:21 | Create | Villager (Male) |
| 13:36 | Create | Villager (Male) |
| 13:47 | Build | Farm |
| 14:11 | Create | Villager (Male) |
| 14:24 | Research | Fletching |
| 14:28 | Build | Farm |
| 14:29 | Build | Farm |
| 14:40 | Build | Stone Wall |
| 14:40 | Build | Stone Wall |
| 14:41 | Build | Stone Wall |
| 14:41 | Build | Stone Wall |
| 14:42 | Build | Stone Wall |
| 14:42 | Build | Stone Wall |
| 14:43 | Build | Stone Wall |
| 14:43 | Build | Stone Wall |
| 14:48 | Build | Farm |
| 14:49 | Create | Villager (Male) |
| 14:50 | Create | Villager (Male) |
| 14:52 | Create | Skirmisher |
| 14:52 | Create | Skirmisher |
| 15:17 | Create | Villager (Male) |
| 15:36 | Create | Villager (Male) |
| 15:41 | Build | Mining Camp |
| 15:48 | Build | Mill |
| 15:56 | Build | Farm |
| 15:59 | Build | Farm |
| 15:59 | Create | Villager (Male) |
| 16:02 | Build | Farm |
| 16:03 | Build | Farm |
| 16:13 | Create | Skirmisher |
| 16:38 | Create | Villager (Male) |
| 16:40 | Build | House |
| 16:45 | Create | Skirmisher |
| 16:46 | Create | Skirmisher |
| 16:52 | Build | Farm |
| 16:59 | Create | Villager (Male) |
| 17:01 | Build | House |
| 17:07 | Create | Skirmisher |
| 17:30 | Create | Villager (Male) |
| 17:50 | Create | Skirmisher |
| 17:58 | Create | Villager (Male) |
| 18:08 | Create | Skirmisher |
| 18:14 | Build | Watch Tower |
| 18:19 | Create | Villager (Male) |
| 18:21 | Create | Skirmisher |
| 18:23 | Research | Padded Archer Armor |
| 18:31 | Create | Villager (Male) |
| 19:05 | Build | Palisade Wall |
| 19:06 | Build | Palisade Wall |
| 19:07 | Build | Palisade Wall |
| 19:12 | Create | Villager (Male) |
| 19:18 | Build | Mining Camp |
| 19:32 | Create | Villager (Male) |
| 19:35 | Build | Market |
| 19:36 | Create | Skirmisher |
| 19:37 | Create | Skirmisher |
| 20:07 | Create | Villager (Male) |
| 20:13 | Create | Villager (Male) |
| 20:17 | Create | Skirmisher |
| 20:19 | Build | Stable |
| 20:25 | Build | Farm |
| 20:26 | Build | Farm |
| 20:30 | Build | Outpost |
| 20:36 | Build | Palisade Wall |
| 20:36 | Build | Palisade Wall |
| 20:39 | Build | Palisade Wall |
| 20:39 | Build | Palisade Wall |
| 20:45 | Build | Palisade Wall |
| 20:49 | Create | Villager (Male) |
| 21:00 | Create | Archer |
| 21:06 | Build | Archery Range |
| 21:12 | Create | Spearman |
| 21:20 | Create | Villager (Male) |
| 21:25 | Build | Farm |
| 21:26 | Build | Farm |
| 21:28 | Create | Villager (Male) |
| 21:30 | Create | Archer |
| 21:36 | Create | Villager (Male) |
Match timeline
| 5:00 | Ghosty · wall_segment Palisade Wall x1 |
| 5:01 | Ghosty · wall_segment Palisade Wall x1 |
| 5:04 | Ghosty · wall_segment Palisade Wall x1 |
| 5:06 | Ghosty · wall_segment Palisade Wall x1 |
| 5:07 | Ghosty · wall_segment Palisade Wall x1 |
| 5:08 | Ghosty · wall_segment Palisade Wall x1 |
| 5:24 | Ghosty · first_building Barracks |
| 5:29 | Zni.Locuss · wall_segment Palisade Wall x1 |
| 5:47 | Zni.Locuss · first_building Barracks |
| 7:34 | Zni.Locuss · wall_segment Palisade Wall x1 |
| 7:36 | Zni.Locuss · wall_segment Palisade Wall x1 |
| 7:45 | Zni.Locuss · wall_segment Palisade Wall x1 |
| 7:47 | Zni.Locuss · wall_segment Palisade Wall x1 |
| 7:48 | Zni.Locuss · wall_segment Palisade Wall x1 |
| 8:28 | Ghosty · wall_segment Palisade Wall x1 |
| 8:29 | Ghosty · wall_segment Palisade Wall x1 |
| 8:30 | Ghosty · wall_segment Palisade Wall x1 |
| 8:32 | Zni.Locuss · age_up feudal |
| 9:01 | Zni.Locuss · first_building Archery Range |
| 10:23 | Ghosty · wall_segment Palisade Wall x1 |
| 10:51 | Ghosty · wall_segment Palisade Wall x1 |
| 10:56 | Ghosty · wall_segment Palisade Wall x1 |
| 10:57 | Ghosty · wall_segment Palisade Wall x1 |
| 10:58 | Ghosty · wall_segment Palisade Wall x1 |
| 11:03 | Ghosty · wall_segment Palisade Wall x1 |
| 11:11 | Ghosty · age_up feudal |
| 11:16 | Ghosty · first_building Archery Range |
| 11:40 | Zni.Locuss · wall_segment Palisade Wall x1 |
| 11:42 | Zni.Locuss · wall_segment Palisade Wall x1 |
| 11:44 | Zni.Locuss · wall_segment Palisade Wall x1 |
| 14:40 | Ghosty · wall_segment Stone Wall x1 |
| 14:40 | Ghosty · wall_segment Stone Wall x1 |
| 14:41 | Ghosty · wall_segment Stone Wall x1 |
| 14:41 | Ghosty · wall_segment Stone Wall x1 |
| 14:42 | Ghosty · wall_segment Stone Wall x1 |
| 14:42 | Ghosty · wall_segment Stone Wall x1 |
| 14:43 | Ghosty · wall_segment Stone Wall x1 |
| 14:43 | Ghosty · wall_segment Stone Wall x1 |
| 17:17 | Zni.Locuss · wall_segment Palisade Wall x1 |
| 17:25 | Zni.Locuss · first_building Stable |
| 19:05 | Ghosty · wall_segment Palisade Wall x1 |
| 19:06 | Ghosty · wall_segment Palisade Wall x1 |
| 19:07 | Ghosty · wall_segment Palisade Wall x1 |
| 20:19 | Ghosty · first_building Stable |
| 20:36 | Ghosty · wall_segment Palisade Wall x1 |
| 20:36 | Ghosty · wall_segment Palisade Wall x1 |
| 20:39 | Ghosty · wall_segment Palisade Wall x1 |
| 20:39 | Ghosty · wall_segment Palisade Wall x1 |
| 20:45 | Ghosty · wall_segment Palisade Wall x1 |
| 20:59 | Ghosty · first_market_sell 100 wood |
| 23:51 | Ghosty · first_market_buy 100 food |
| 25:22 | Zni.Locuss · first_market_buy 100 stone |
| 25:32 | Zni.Locuss · age_up castle |
| 25:34 | Zni.Locuss · first_building Monastery |
| 26:45 | Ghosty · age_up castle |
| 27:03 | Zni.Locuss · first_market_sell 100 wood |
| 27:25 | Ghosty · first_building Monastery |
| 27:41 | Ghosty · wall_segment Palisade Wall x1 |
| 28:47 | Zni.Locuss · first_building Siege Workshop |
| 31:59 | Zni.Locuss · wall_segment Palisade Wall x1 |
| 32:07 | Zni.Locuss · wall_segment Palisade Wall x1 |
| 32:08 | Zni.Locuss · wall_segment Palisade Wall x1 |
| 36:57 | Ghosty · first_building Siege Workshop |
| 37:50 | Zni.Locuss · first_building Castle |
| 38:59 | Ghosty · first_building Castle |
| 42:17 | Ghosty · resign |
[ AI ANALYSIS · 1 CREDIT ]
What really happened in this match?
Wolo.gg analyzes every decision: build order, eco, micro, common mistakes by bracket. Personalized analysis on WhatsApp or Discord in 30 seconds.
Civ guide
Mongols
Perfil
Zni.Locuss